 Dungeon Crawl Stone Soup version 0.29-a0-330-g52719c12eb (webtiles) character file.

Game seed: 11553417099007894801

5398 dohliylev the Fighter (level 10, -2/106 HPs)
             Began as a Troll Warper on May 10, 2022.
             Was a Believer of Okawaru.
             Shot with an arrow by a centaur (6 damage)
             ... on level 10 of the Dungeon.
             The game lasted 00:25:11 (8743 turns).

dohliylev the Fighter (Troll Warper)                Turns: 8743, Time: 00:25:12

Health: -2/106     AC: 12    Str: 23    XL:     10   Next: 40%
Magic:  12/12      EV: 11    Int:  9    God:    Okawaru [**....]
Gold:   491        SH:  0    Dex:  9    Spells: 11/13 levels left

rFire   . . .      SeeInvis +     - Unarmed
rCold   . . .      Faith    .   (no shield)
rNeg    . . .      Spirit   .   L - +0 steam dragon scales
rPois   .          Reflect  .   (helmet restricted)
rElec   +          Harm     .   h - +0 cloak
rCorr   .          Rampage  .   (gloves unavailable)
Will    +....                   (boots unavailable)
Stlth   +.........              I - amulet "Exiope" {RegenMP +Inv rElec Str-2 SInv}
HPRegen 1.07/turn               d - ring of willpower
MPRegen 0.53/turn               a - +4 ring of protection

@: no status effects
A: large, unfitting armour, claws 3, regeneration 1, shaggy fur 1, tough skin 1
a: Renounce Religion, Evoke Invisibility, Heroism


You were on level 10 of the Dungeon.
You worshipped Okawaru.
Okawaru was pleased with you.
You visited 2 branches of the dungeon, and saw 11 of its levels.
You also visited: Sewer and Ossuary.

You collected 491 gold pieces.

Inventory:

Hand Weapons
 N - the +8 mace of Objectivity {freeze, rN+ rCorr Int-2}
   (You found it on level 7 of the Dungeon)

   It freezes those it strikes, dealing additional cold damage.
   It can also slow down cold-blooded creatures.
   Int:       It affects your intelligence (-2).
   rN:        It protects you from negative energy.
   rCorr:     It protects you from acid and corrosion.
Missiles
 c - 6 boomerangs of dispersal
 x - 3 boomerangs (quivered)
Armour
 h - a +0 cloak (worn)
 J - +0 acid dragon scales
 L - +0 steam dragon scales (worn)
Jewellery
 a - a +4 ring of protection (right claw)
 d - a ring of willpower (left claw)
 s - a ring of protection from cold
 D - a +6 ring of strength
 I - the amulet "Exiope" (around neck) {RegenMP +Inv rElec Str-2 SInv}
   (You found it on level 8 of the Dungeon)

   [amulet of magic regeneration]

   It increases your rate of magic regeneration.
   Str:       It affects your strength (-2).
   rElec:     It insulates you from electricity.
   SInv:      It lets you see invisible.
   +Inv:      It lets you turn invisible.
Wands
 K - a wand of mindburst (18)
 M - a wand of flame (7)
Scrolls
 b - 2 scrolls of blinking
 f - 3 scrolls of amnesia
 l - 5 scrolls of enchant armour
 m - 5 scrolls of immolation {unknown}
 r - 3 scrolls of fog {unknown}
 t - 3 scrolls of fear
 u - a scroll of vulnerability {unknown}
 y - 4 scrolls of teleportation {unknown}
 A - 2 scrolls of brand weapon
 C - 4 scrolls of noise
 E - 2 scrolls of torment {unknown}
 G - 7 scrolls of identify
Potions
 e - 2 potions of haste {unknown}
 g - 15 potions of curing {unknown}
 i - 2 potions of resistance {unknown}
 j - 4 potions of brilliance {unknown}
 k - 2 potions of magic {unknown}
 n - a potion of experience {unknown}
 o - 6 potions of might {unknown}
 p - 3 potions of heal wounds {unknown}
 q - a potion of invisibility {unknown}
 v - 4 potions of flight {unknown}
 z - 5 potions of degeneration {unknown}
 B - 6 potions of lignification {unknown}
 F - 3 potions of ambrosia {unknown}
 H - 2 potions of mutation {unknown}


   Skills:
 + Level 8.4 Fighting
 + Level 1.6 Throwing
 - Level 8.0 Dodging
 - Level 6.0 Unarmed Combat
 - Level 2.0 Spellcasting
 - Level 4.0 Translocations
 + Level 0.6 Invocations


You had 11 spell levels left.
You knew the following spells:

 Your Spells              Type           Power      Damage    Failure   Level
a - Blink                 Tloc           16%        N/A       10%         2

Your spell library contained the following spells:

 Spells                   Type           Power      Damage    Failure   Level
 Gell's Gravitas          Tloc           8%         N/A       19%         3
 Lesser Beckoning         Tloc           8%         N/A       19%         3
 Teleport Other           Tloc           8%         N/A       19%         3
 Pain                     Necr           0%         1d4       32%         1
 Manifold Assault         Tloc           8%         N/A       87%         5
 Anguish                  Hex/Necr       0%         N/A       97%         4
 Agony                    Necr           0%         N/A       100%        5
 Excruciating Wounds      Necr           0%         N/A       100%        5
 Enfeeble                 Hex            0%         N/A       100%        7
 Tukima's Dance           Hex            Unusable   N/A       N/A         3

Dungeon Overview and Level Annotations

Branches:
Dungeon (10/15)            Temple (1/1) D:6            Lair (0/6) D:9
  Sewer (visited)         Ossuary (visited)
    Orc: D:9-12

Altars:
Ashenzari
Cheibriados
Dithmenos
Elyvilon
Fedhas
Gozag
Hepliaklqana
Kikubaaqudgha
Makhleb
Nemelex Xobeh
Okawaru
Qazlal
Ru
Sif Muna
Trog
Uskayaw
Vehumet
Wu Jian
Xom
Yredelemnul
Zin
The Shining One

Shops:
D:3 *:?=

Annotations:
D:10 Grum


Innate Abilities, Weirdness & Mutations

You are too large for most types of armour.
You have claws for hands.
Your natural rate of healing is unusually fast.
You are covered in fur. (AC +1)
You have tough skin. (AC +1)


Message History

The arrow barely misses you. The wolf misses you.
The wolf barely misses you. x2
The wolf attacks as you move away! The wolf closely misses you.
The wolf attacks as you move away! The wolf barely misses you.
The wolf bites you but does no damage.
You scratch the wolf but do no damage. The wolf misses you.
The wolf barely misses you.
You claw the wolf!
The wolf is severely wounded.
The wolf barely misses you.
You closely miss the wolf.
The wolf is severely wounded.
The wolf closely misses you.
Grum hits you from afar with a +1 spear!
The wolf bites you.
* * * LOW HITPOINT WARNING * * *
You miss the wolf. You claw the wolf!
You kill the wolf!
Okawaru accepts your kill.
Grum hits you from afar with a +1 spear!
* * * LOW HITPOINT WARNING * * *
Casting: Blink (safe; 10% risk of failure)
Confirm with . or Enter, or press ? or * to list all spells.
You blink.
A yak comes into view.
The yak bellows! x2
A wraith comes into view.
The wolf closely misses you. The wolf bites you but does no damage.
The wolf attacks as you move away! The wolf misses you.
The yak attacks as you move away! The yak gores you!
* * * LOW HITPOINT WARNING * * *
The yak attacks as you move away! The yak gores you!
* * * LOW HITPOINT WARNING * * *
The wolf closely misses you.
Blink to where?
Press: ? - help, Dir - move target
As you read the scroll of blinking, it crumbles to dust.
You feel stable enough to blink again.
The centaur shoots an arrow.
The arrow hits you.
You die...

......# ###....##...#
.......#####..Y.Y§..#
........##....c......#
..#.........Y.hY.W...#
........................ ...
.......#.................. ....
#.........................
....##.##...................#.#
....#..........@..........####
#.............#<........
#............##.......#
..##............h........#
.........##.....c.........
.........#.....#g....###..
................Y.....# .
......................#
...................#...#


You could see 4 yaks, a wraith, a wolf and a centaur.

Vanquished Creatures
  Pikel (D:7)
  A polar bear (D:9)
  Grinder (D:3)
  Sigmund (D:2)
  2 yaks (D:9)
  A steam dragon (D:7)
  An acid dragon (D:6)
  A water moccasin (D:5)
  Duvessa (D:7)
  An orc warrior (D:7)
  4 ice beasts
  2 sky beasts
  An ogre (D:6)
  3 centaurs
  3 wolves
  A lemure (D:7)
  A bullfrog (D:8)
  3 kobold brigands
  A necrophage (D:7)
  A gnoll sergeant (D:9)
  6 scorpions
  Dowan (D:7)
  4 killer bees (D:8)
  5 howler monkeys
  2 electric eels (D:9)
  2 jellies
  8 orc priests
  A gnoll shaman (D:5)
  5 hounds
  Crazy Yiuf (D:7)
  3 iron imps (D:8)
  2 iguanas
  Terence (D:2)
  5 orc wizards
  13 mummies
  9 gnolls
  6 adders
  2 river rats
  A shadow imp (D:7)
  3 white imps
  3 worms
  5 dart slugs
  22 orcs
  5 ball pythons
  13 endoplasms
  3 giant cockroaches
  5 goblins
  12 hobgoblins
  6 jackals
  27 kobolds
  7 quokkas
  3 bats
  3 frilled lizards (Sewer)
  2 gnoll skeletons (Ossuary)
  2 kobold skeletons (Ossuary)
  4 orc skeletons (Ossuary)
  25 rats
  11 rat skeletons (Ossuary)
269 creatures vanquished.

Vanquished Creatures (others)
  An ufetubus (D:9)
  5 kobolds (D:9)
6 creatures vanquished.

Grand Total: 275 creatures vanquished

Notes
Turn   | Place    | Note
-------+----------+-------------------------------------------
     0 | D:1      | dohliylev the Troll Warper began the quest for the Orb.
     0 | D:1      | Reached XP level 1. HP: 19/19 MP: 1/1
   183 | D:1      | Reached XP level 2. HP: 27/27 MP: 2/2
   226 | D:1      | Learned a level 2 spell: Blink
   444 | D:1      | Found a faded altar of an unknown god.
   580 | D:1      | Reached XP level 3. HP: 33/33 MP: 1/4
   982 | D:2      | You fall into a shaft and drop 2 floors!
  1137 | D:4      | Found a glowing drain.
  1142 | Sewer    | Entered a sewer
  1168 | Sewer    | Reached XP level 4. HP: 28/42 MP: 5/5
  1771 | D:4      | Reached XP level 5. HP: 40/49 MP: 6/6
  2093 | D:2      | Noticed Terence
  2104 | D:2      | Killed Terence
  2397 | D:2      | Reached XP level 6. HP: 59/59 MP: 7/7
  2539 | D:2      | Noticed Sigmund
  2581 | D:2      | Killed Sigmund
  2786 | D:3      | Reached skill level 5 in Unarmed Combat
  2848 | D:3      | Found Dovol's Jewellery Shoppe.
  2849 | D:3      | Noticed Grinder
  2856 | D:3      | Killed Grinder
  2857 | D:3      | Reached XP level 7. HP: 53/66 MP: 8/8
  3091 | D:3      | Found Jueli's Book Shop.
  3118 | D:3      | Found Funlosev's General Store.
  3207 | D:3      | Found Koif's Magic Scroll Shop.
  3325 | D:4      | Identified the +2 leather armour of Abstinence {Int+6}
  3897 | D:5      | Entered Level 5 of the Dungeon
  3931 | D:5      | Found a sand-covered staircase.
  3951 | Ossuary  | Entered an ossuary
  4148 | Ossuary  | Reached XP level 8. HP: 49/75 MP: 10/10
  4504 | D:5      | Reached skill level 5 in Dodging
  5394 | D:6      | Reached skill level 5 in Fighting
  5394 | D:6      | Reached XP level 9. HP: 28/88 MP: 11/11
  5515 | D:6      | Reached skill level 1 in Throwing
  5895 | D:6      | Found a staircase to the Ecumenical Temple.
  5918 | Temple   | Entered the Ecumenical Temple
  6215 | Temple   | Became a worshipper of Warmaster Okawaru
  6785 | D:7      | Noticed Duvessa
  6787 | D:7      | Noticed Dowan
  6801 | D:7      | Killed Duvessa
  6808 | D:7      | Killed Dowan
  6869 | D:7      | Noticed Pikel
  6889 | D:7      | Killed Pikel
  6889 | D:7      | Reached * piety under Okawaru
  7154 | D:7      | Identified the +8 mace of Objectivity {freeze, rN+ rCorr
                  | Int-2}
  7322 | D:7      | Found a runed translucent door.
  7323 | D:7      | Noticed Crazy Yiuf
  7332 | D:7      | Killed Crazy Yiuf
  7564 | D:8      | Reached ** piety under Okawaru
  7693 | D:8      | Reached XP level 10. HP: 100/100 MP: 12/12
  7805 | D:8      | Identified the amulet "Exiope" {RegenMP +Inv rElec Str-2
                  | SInv}
  8060 | D:8      | Found a burning altar of Makhleb.
  8573 | D:9      | Found a staircase to the Lair.
  8595 | D:10     | Entered Level 10 of the Dungeon
  8701 | D:10     | Noticed Grum
  8742 | D:10     | HP: 2/106 [yak (11)]
  8743 | D:10     | Shot with an arrow by a centaur

Illustrated notes

Levels and vault maps discovered:
D:1:      lightli_arrival_statue_moat, layout_basic,
          nicolae_ecumenical_lake_church
D:2:      layout_rooms, uniq_sigmund, uniq_terence
D:3:      layout_basic, serial_shops, shop, nicolae_square_shop,
          nicolae_lakefront_shop, nicolae_shop_waterfront,
          minmay_misc_feat_alley, moated_statue, uniq_grinder
D:4:      layout_gridville, gup_sewer_entry_spiral
D:5:      layout_loops_ring, gup_ossuary_entry_pyramid
D:6:      layout_basic, minmay_temple_entry_proselytizer
D:7:      layout_rooms, uniq_crazy_yiuf_cottage, uniq_pikel, uniq_duvessa
D:8:      layout_basic, demons_altar
D:9:      layout_loops_corners, erik_lair_orcish_takeover,
          minmay_orc_entry_guard_dogs, serial_ice, serial_ice_g, serial_ice_h,
          serial_ice_i, serial_ice_b
D:10:     layout_cave_pools, nicolae_elemental_shop, lightli_fourway_metalbox,
          uniq_grum
Temple:   mainiacjoe_temple_trianglar_array

Skill      XL: |  1  2  3  4  5  6  7  8  9 10 |
---------------+-------------------------------+-----
Dodging        | 2 3 4 6 8 |  8.0
Fighting       | 2 3 5 6 8 |  8.4
Unarmed Combat | 3 4 5 6 |  6.0
Translocations | 3 4 |  4.0
Spellcasting   | 2 |  2.0
Throwing       | 1 |  1.6
Invocations    | |  0.6

Action                   |  1- 3 |  4- 6 |  7- 9 | 10-12 || total
-------------------------+-------+-------+-------+-------++-------
Melee: Unarmed           |    98 |   236 |   397 |   110 ||   841
       Punch             |     2 |     4 |    16 |     5 ||    27
Throw: Boomerang         |       |       |     2 |       ||     2
 Cast: Blink             |     4 |     5 |     2 |     8 ||    19
Invok: Heroism           |       |       |       |     1 ||     1
  Use: Scroll            |       |       |     5 |     1 ||     6
 Stab: Sleeping          |     1 |       |       |       ||     1
Armor: Robe              |    30 |    88 |    25 |       ||   143
       Acid dragon scale |       |       |    41 |       ||    41
       Steam dragon scal |       |       |    30 |    76 ||   106
Dodge: Dodged            |    47 |   147 |   160 |   122 ||   476

Table legend: (Time is in decaauts)
 A = Elapsed time spent in this place.
 B = Non-inter-level travel time spent in this place.
 C = Inter-level travel time spent in this place.
 D = Time resting spent in this place.
 E = Time spent auto-exploring this place.
 F = Levels seen in this place.
 G = Mean time per level.
                   A        B        C        D        E       F      G
               +--------+--------+--------+--------+--------+-----+--------+
         Total |   8721 |   8242 |    479 |    649 |   5524 |  13 |  670.8 |
       Dungeon |   7439 |   6971 |    468 |    646 |   4661 |  10 |  743.9 |
        Temple |    376 |    365 |     11 |      0 |    358 |   1 |  376.0 |
         Sewer |    529 |    529 |      0 |      3 |    262 |   1 |  529.0 |
       Ossuary |    375 |    375 |      0 |      0 |    243 |   1 |  375.0 |
               +--------+--------+--------+--------+--------+-----+--------+

Top non-repeatable levels by time:
     D:6: 1191 daAuts
     D:1: 1054 daAuts
     D:4: 1012 daAuts
     D:3: 885 daAuts
     D:5: 844 daAuts
     D:8: 832 daAuts
     D:7: 646 daAuts
   Sewer: 529 daAuts
     D:2: 447 daAuts
     D:9: 378 daAuts
  Temple: 376 daAuts
 Ossuary: 375 daAuts
    D:10: 146 daAuts
